 Dungeon Crawl Stone Soup version 0.28.0-1-gb440e238dd (webtiles) character file.

Game seed: 3708558347342817328

102 sanka the Conjurer (level 4, -3/30 HPs)
             Began as a Merfolk Conjurer on Feb 22, 2022.
             Was a Believer of Ru.
             Slain by a worm (9 damage)
             ... on level 2 of the Dungeon.
             The game lasted 00:04:14 (2341 turns).

sanka the Conjurer (Merfolk Conjurer)               Turns: 2341, Time: 00:04:14

Health: -3/30      AC:  3    Str:  7    XL:     4   Next: 77%
Magic:  1/7        EV: 12    Int: 17    God:    Ru [**....]
Gold:   45         SH:  0    Dex: 14    Spells: 4/7 levels left

rFire   . . .      SeeInvis .   j - +0 flail
rCold   . . .      Faith    .   (no shield)
rNeg    . . .      Spirit   .   a - +0 robe
rPois   .          Reflect  .   (no helmet)
rElec   .          Harm     .   o - +0 cloak
rCorr   .          Rampage  .   (no gloves)
Will    .....                   (no boots)
Stlth   ++........              (no amulet)
HPRegen 0.10/turn               (no ring)
MPRegen 0.10/turn               (no ring)

@: no status effects
A: hated by all, (nimble swimmer 2), mertail
a: Renounce Religion


You were on level 2 of the Dungeon.
You worshipped Ru.
Ru was pleased with you.
You visited 1 branch of the dungeon, and saw 3 of its levels.

You collected 45 gold pieces.

Inventory:

Hand Weapons
 j - a +0 flail (weapon)
Armour
 a - a +0 robe (worn)
 e - a +2 cloak
 o - a +0 cloak (worn)
Scrolls
 c - 4 scrolls of identify {unknown}
 d - a scroll of fear {unknown}
 g - 2 scrolls of noise {unknown}
 h - 2 scrolls of enchant armour {unknown}
 k - a scroll of enchant weapon {unknown}
 m - a scroll of teleportation {unknown}
 n - a scroll of immolation {unknown}
Potions
 b - a potion of attraction {unknown}
 f - 2 potions of mutation {unknown}
 i - a potion of haste {unknown}
 l - a potion of brilliance {unknown}
 p - a potion of flight {unknown}
 q - a potion of degeneration {unknown}


   Skills:
 + Level 0.0 Fighting
 + Level 2.7 Dodging
 - Level 2.1 Stealth
 - Level 2.0 Spellcasting
 - Level 5.0 Conjurations


You had 4 spell levels left.
You knew the following spells:

 Your Spells              Type           Power      Damage    Failure   Level
a - Magic Dart            Conj           72%        1d6       2%          1
b - Searing Ray           Conj           36%        2d5       3%          2

Your spell library contained the following spells:

 Spells                   Type           Power      Damage    Failure   Level
 Dazzling Flash           Conj/Hex       20%        N/A       21%         3
 Portal Projectile        Hex/Tloc       2%         N/A       50%         3
 Fulminant Prism          Conj/Hex       5%         3d7       56%         4
 Iskenderun's Mystic Bla  Conj/Tloc      10%        2d4       56%         4
 Leda's Liquefaction      Hex/Erth       0%         N/A       88%         4
 Call Canine Familiar     Summ           Unusable   N/A       N/A         3

Dungeon Overview and Level Annotations

Branches:
Dungeon (3/15)

Altars:
Ru


Innate Abilities, Weirdness & Mutations

You are hated by all.
((You are very nimble when in or above water. (Stealth+, EV+, Speed+++)))
Your lower body shifts to a powerful aquatic tail in water.


Message History

Casting: Magic Dart (safe; 2% risk of failure)
Confirm with . or Enter, or press ? or * to list all spells.
Aiming: Searing Ray (safe; 3% risk of failure)
Press: ? - help, Shift-Dir - straight line, f - orc, p - orc
Aim: an orc, wielding a +0 morningstar and quivering stones (78% to hit)
The searing ray hits the orc but does no damage.
The orc is lightly wounded.
The searing ray hits the orc!
You kill the orc! (Press . to maintain the ray.)
The orc barely misses you.
The searing ray hits the orc.
The orc is severely wounded.
The orc closely misses you.
The searing ray hits the orc.
The orc is almost dead.
The orc barely misses you.
The searing ray hits the orc.
You kill the orc!
You finish channelling your searing ray.
Training target 5.0 for Conjurations reached!
Your Conjurations skill increases to level 5!
You need to enable at least one skill for training.
You climb upwards.
There is a stone staircase leading down here.
Unknown command.
You thump the worm!
The worm is heavily wounded.
The worm bites you.
You barely miss the worm.
The worm is moderately wounded.
You hit the worm.
The worm is heavily wounded.
The worm bites you!
* * * LOW HITPOINT WARNING * * *
You focus your inner power and illuminate the worm in retribution!
You hit the worm.
The worm is heavily wounded.
The worm bites you!
You die...

#...... ######## #...... .......#
#...... .......# ########
##...... .......# #......#
#....... .......# #......#
#####.......
.......####.....>#####...........
..........#......#.....#.........
.......##^.....w@#.####..##......
.......####........###..#########
.......# ##.........##.## ####
.......###.......##....### #...
....#......#########.....#####.##
......###### #.###.......##
....### #.# #.#....... ....#
#.###.#.....## ...##
#.#...#.##....


You could see a worm (corona).

Vanquished Creatures
  An orc priest (D:3)
  A gnoll (D:1)
  2 adders (D:2)
  A worm (D:2)
  3 orcs (D:3)
  2 ball pythons
  3 bats
  3 endoplasms
  3 giant cockroaches
  3 goblins
  3 hobgoblins
  3 quokkas
  2 frilled lizards (D:2)
  6 kobolds
  3 rats
39 creatures vanquished.

Notes
Turn   | Place    | Note
-------+----------+-------------------------------------------
     0 | D:1      | sanka the Merfolk Conjurer began the quest for the Orb.
     0 | D:1      | Reached XP level 1. HP: 13/13 MP: 3/3
   400 | D:1      | Found a faded altar of an unknown god.
   426 | D:1      | Prayed at the altar of an unknown god.
   426 | D:1      | Became a worshipper of Ru the Awakened
   439 | D:1      | Gained mutation: You are hated by all. [Ru sacrifice]
   439 | D:1      | Reached * piety under Ru
   439 | D:1      | Reached ** piety under Ru
   604 | D:1      | Reached XP level 2. HP: 17/19 MP: 0/5
  1124 | D:2      | Reached skill level 4 in Conjurations
  1207 | D:2      | Reached XP level 3. HP: 24/24 MP: 4/6
  1530 | D:2      | Learned a level 2 spell: Searing Ray
  1925 | D:3      | Reached XP level 4. HP: 30/30 MP: 4/7
  2332 | D:3      | Reached skill level 5 in Conjurations
  2341 | D:2      | Slain by a worm

Illustrated notes

Levels and vault maps discovered:
D:1:      lightli_arrival_windingriver, layout_rooms,
          shapermc_ecumenical_altar_starsandcircs, solitary_fountain,
          minmay_distorted
D:2:      layout_rooms
D:3:      layout_basic

Skill      XL: |  1  2  3  4 |
---------------+-------------+-----
Conjurations   | 4 5 |  5.0
Dodging        | |  2.7
Stealth        | |  2.1
Spellcasting   | |  2.0

Action                   |  1- 3 |  4- 6 || total
-------------------------+-------+-------++-------
Melee: Unarmed           |    28 |       ||    28
       Tailslap          |     2 |       ||     2
       Flail             |     2 |     9 ||    11
       Punch             |       |     1 ||     1
 Cast: Magic Dart        |    64 |    15 ||    79
       Searing Ray       |     1 |     2 ||     3
Invok: Sacrifice Love    |     1 |       ||     1
Armor: Robe              |    12 |     1 ||    13
Dodge: Dodged            |    26 |     8 ||    34
